 Dungeon Crawl Stone Soup version 0.22.1-2-g9c5b331383 (webtiles) character file.

130 McIrco the Sneak (level 4, -1/33 HPs)
             Began as a Vampire Assassin on Jan 6, 2019.
             Slain by a worker ant (5 damage)
             ... on level 4 of the Dungeon.
             The game lasted 00:04:42 (5596 turns).

McIrco the Sneak (Vampire Assassin)                 Turns: 5596, Time: 00:04:42

Health: -1/33      AC:  4    Str: 10    XL:     4   Next: 90%
Magic:  4/4        EV: 13    Int: 13    God:
Gold:   192        SH:  0    Dex: 16    Spells: 3/3 levels left

rFire    . . .     SeeInvis +   a - +2 dagger
rCold    + + .     Gourm    .   (no shield)
rNeg     + + +     Faith    .   c - +0 robe
rPois    ∞         Spirit   .   (no helmet)
rElec    .         Reflect  .   y - scarf {cloud immunity}
rCorr    .         Harm     .   u - +0 pair of gloves
MR       .....                  q - +0 pair of boots
Stlth    ++++++....             (no amulet)
HPRegen  0.00/turn              i - ring of wizardry
MPRegen  0.09/turn              (no ring)

@: bloodless, non-regenerating
A: fangs 3, see invisible, unbreathing
a: Bat Form


You were on level 4 of the Dungeon.
You were bloodless.

You visited 1 branch of the dungeon, and saw 4 of its levels.

You collected 192 gold pieces.

Inventory:

Hand Weapons
 a - a +2 dagger (weapon)
 b - a +0 blowgun
 v - a +2 spear of piercing
Missiles
 e - 22 poisoned needles
 f - 2 curare-tipped needles
Armour
 c - a +0 robe (worn)
 d - a +0 cloak
 q - a +0 pair of boots (worn)
 u - a +0 pair of gloves (worn)
 y - a scarf of cloud immunity (worn)
Jewellery
 i - a ring of wizardry (left hand)
 x - an uncursed amulet of harm {unknown}
Scrolls
 g - 6 scrolls of identify {unknown}
 j - 2 scrolls of immolation {unknown}
 k - 5 scrolls of remove curse {unknown}
 m - a scroll of fog {unknown}
 n - a scroll of magic mapping {unknown}
 p - 2 scrolls of enchant weapon {unknown}
 r - 3 scrolls of teleportation {unknown}
 t - a scroll of fear {unknown}
 w - a scroll of amnesia {unknown}
Potions
 h - 2 potions of heal wounds {unknown}
 l - 20 potions of blood
 o - a potion of might {unknown}
 s - a potion of curing {unknown}


   Skills:
 + Level 2.0 Fighting
 + Level 3.1 Short Blades
 + Level 1.6 Throwing
 * Level 2.7 Dodging
 + Level 7.8 Stealth


You had 3 spell levels left.
You didn't know any spells.
Your spell library was empty.

Dungeon Overview and Level Annotations

Branches:
Dungeon (4/15)
 Temple: D:4-7

Altars:
Fedhas
Okawaru

Annotations:
D:4 Eustachio


Innate Abilities, Weirdness & Mutations

You do not heal naturally.
You are immune to poison.
You have razor-sharp teeth.
You have supernaturally acute eyesight. (SInv)
You can survive without breathing.


Message History

A hound comes into view.
Found an escape hatch in the ceiling.
Found 21 arrows.
Found a stone staircase leading down.
Eustachio shouts!
The hound barks!
A worker ant comes into view.
Eustachio closely misses you.
You hit Eustachio but do no damage. Your bite misses Eustachio.
Eustachio hits you but does no damage.
You closely miss Eustachio. The worker ant closely misses you.
The hound misses you.
Eustachio hits you with a falchion of holy wrath.
You convulse.
The worker ant bites you but does no damage.
The hound completely misses you. Eustachio barely misses you.
The worker ant bites you.
The worker ant waves its antennae.
The worker ant misses you. The worker ant bites you!
* * * LOW HITPOINT WARNING * * *
The worker ant bites you.
You die...

.### ... ..#
##..#### ##.....>#
##.<.....#
#........##
#.@......(
#a......##
#@a.....#
#.#####.h.....##
#..............##
#....##.#...#...##
####.##.##.......
#.##.# ###...##
#.##.# #.....#


You could see Eustachio, a hound and 2 worker ants.

Vanquished Creatures
  A hound skeleton (D:4)
  4 adders
  An adder skeleton (D:4)
  2 worms (D:2)
  A dart slug (D:1)
  4 leopard geckos
  An orc (D:3)
  A ball python (D:3)
  2 giant cockroaches
  6 goblins
  9 hobgoblins
  8 jackals
  11 kobolds
  2 bats
  3 frilled lizards
  5 rats
61 creatures vanquished.

Notes
Turn   | Place    | Note
-------+----------+-------------------------------------------
     0 | D:1      | McIrco the Vampire Assassin began the quest for the Orb.
     0 | D:1      | Reached XP level 1. HP: 16/16 MP: 1/1
  2376 | D:1      | Reached skill level 6 in Stealth
  2466 | D:1      | Reached XP level 2. HP: 22/22 MP: 2/2
  3457 | D:2      | Reached XP level 3. HP: 24/27 MP: 3/3
  4030 | D:2      | Found an iron altar of Okawaru.
  4334 | D:2      | Reached skill level 7 in Stealth
  4393 | D:3      | Reached XP level 4. HP: 14/33 MP: 4/4
  5242 | D:3      | Found a blossoming altar of Fedhas.
  5585 | D:4      | Noticed Eustachio
  5596 | D:4      | Slain by a worker ant

Skill      XL: |  1  2  3  4 |
---------------+-------------+-----
Stealth        | 6 7 |  7.8
Dodging        | 2 |  2.7
Fighting       | 2 |  2.0
Short Blades   | 3 |  3.1
Throwing       | |  1.6

Action                   |  1- 3 |  4- 6 || total
-------------------------+-------+-------++-------
Melee: Dagger            |   111 |    60 ||   171
       Bite              |     9 |     5 ||    14
  Use: Potion            |     1 |       ||     1
 Stab: Sleeping          |    17 |    11 ||    28
  Eat: Corpse            |     1 |     1 ||     2
Armor: Robe              |    20 |    14 ||    34
Dodge: Dodged            |    50 |    36 ||    86
